TOP OF THE 1ST |
Hartford Pride batting - Pitching for Monongahela Monsters : RHP Bhu Pahayahay
|
Pitching: RHP Bhu Pahayahay
|
|
Batting: RHB Emmett Amavizca
|
0-0: Called Strike 0-1: Ball 1-1: Foul Ball, location: 2F 1-2: Strikes out looking
|
Batting: RHB Habib Othman
|
0-0: Called Strike 0-1: Fly out, F3 (Popup, 34S, EV 75.6 MPH)
|
Batting: RHB Roy Berriman
|
0-0: Called Strike 0-1: Ground out 6-3 (Groundball, 56, EV 78.8 MPH)
|
Top of the 1st over - 0 runs, 0 hits, 0 errors, 0 left on base; Hartford 0 - Monongahela 0 |
BOTTOM OF THE 1ST |
Monongahela Monsters batting - Pitching for Hartford Pride : RHP Damien Schmitt
|
Pitching: RHP Damien Schmitt
|
|
Batting: LHB Júlio Castillo
|
0-0: Ball 1-0: Foul Ball, location: 2F 1-1: Ball 2-1: Foul Ball, location: 2F 2-2: Ball 3-2: Strikes out swinging
|
Batting: RHB Freddie Cupp
|
0-0: Ground out U3 (Groundball, 34, EV 80.6 MPH)
|
Batting: RHB Kenny Gray
|
0-0: Foul Ball, location: 2F 0-1: Ball 1-1: Swinging Strike 1-2: Ball 2-2: Strikes out looking
|
Bottom of the 1st over - 0 runs, 0 hits, 0 errors, 0 left on base; Hartford 0 - Monongahela 0 |
TOP OF THE 2ND |
Hartford Pride batting - Pitching for Monongahela Monsters : RHP Bhu Pahayahay
|
Batting: LHB Félix Islava
|
0-0: SINGLE (Groundball, 4D, EV 109.4 MPH)
|
Batting: RHB Tom Rowland
|
0-0: SINGLE (Groundball, 6MD, EV 105.0 MPH) Félix Islava to second
|
Batting: RHB Li-ren Ku
|
0-0: Fly out, F8 (Flyball, 8LM, EV 89.4 MPH)
|
Batting: RHB Shawn Wilson
|
0-0: Grounds into double play, 4-6-3 (Groundball, 4, EV 88.1 MPH)
|
Top of the 2nd over - 0 runs, 2 hits, 0 errors, 1 left on base; Hartford 0 - Monongahela 0 |
BOTTOM OF THE 2ND |
Monongahela Monsters batting - Pitching for Hartford Pride : RHP Damien Schmitt
|
Batting: SHB Brenton Hale
|
0-0: Fly out, F6 (Popup, 6M, EV 59.4 MPH)
|
Batting: RHB Tao Kaukini
|
0-0: Ball 1-0: Ball 2-0: Foul Ball, location: 2F 2-1: Foul Ball, location: 2F 2-2: Fly out, F7 (Line Drive, 7, EV 95.0 MPH)
|
Batting: RHB Jesús Cortéz
|
0-0: Fly out, F4 (Popup, 34, EV 62.5 MPH)
|
Bottom of the 2nd over - 0 runs, 0 hits, 0 errors, 0 left on base; Hartford 0 - Monongahela 0 |
TOP OF THE 3RD |
Hartford Pride batting - Pitching for Monongahela Monsters : RHP Bhu Pahayahay
|
Batting: RHB Guonçalle Sprengel
|
0-0: Ball 1-0: Foul Ball, location: 2F 1-1: Ball 2-1: SINGLE (Groundball, 6MD, EV 103.1 MPH)
|
Batting: RHB Jim Ellis
|
0-0: Ball 1-0: Called Strike 1-1: Foul Ball, location: 2F 1-2: Grounds into double play, 4-6-3 (Groundball, 34, EV 78.1 MPH)
|
Batting: RHB Emmett Amavizca
|
0-0: Ball 1-0: Fly out, F4 (Popup, 4D, EV 56.2 MPH)
|
Top of the 3rd over - 0 runs, 1 hit, 0 errors, 0 left on base; Hartford 0 - Monongahela 0 |
BOTTOM OF THE 3RD |
Monongahela Monsters batting - Pitching for Hartford Pride : RHP Damien Schmitt
|
Batting: RHB Drake Riley Jr.
|
0-0: Swinging Strike 0-1: Hit by Pitch
|
Batting: RHB Dave Hall
|
0-0: Foul Ball, location: 2F 0-1: Foul Ball, location: 2F 0-2: Ball 1-2: Ball 2-2: Strikes out swinging
|
Batting: RHB Stu Roberts
|
0-0: Called Strike 0-1: Foul Ball, location: 2F 0-2: Foul Ball, location: 2F 0-2: Ball 1-2: Ball 2-2: Ball 3-2: Foul Ball, location: 2F 3-2: Fly out, F9 (Line Drive, 9LM, EV 95.6 MPH)
|
Batting: LHB Júlio Castillo
|
0-0: Ball 1-0: Ball 2-0: Ball 3-0: Base on Balls Drake Riley Jr. to second
|
Batting: RHB Freddie Cupp
|
0-0: Ball 1-0: Called Strike 1-1: Fielders Choice at 2nd, 5-4 (Groundball, 56, EV 101.2 MPH)
|
Bottom of the 3rd over - 0 runs, 0 hits, 0 errors, 2 left on base; Hartford 0 - Monongahela 0 |
TOP OF THE 4TH |
Hartford Pride batting - Pitching for Monongahela Monsters : RHP Bhu Pahayahay
|
Batting: RHB Habib Othman
|
0-0: Ground out 5-3 (Groundball, 56, EV 104.4 MPH)
|
Batting: RHB Roy Berriman
|
0-0: Called Strike 0-1: Ball 1-1: Foul Ball, location: 2F 1-2: Fly out, F8 (Flyball, 89M, EV 80.6 MPH)
|
Batting: LHB Félix Islava
|
0-0: Ball 1-0: Called Strike 1-1: Ball 2-1: Called Strike 2-2: Ball 3-2: Strikes out looking
|
Top of the 4th over - 0 runs, 0 hits, 0 errors, 0 left on base; Hartford 0 - Monongahela 0 |
BOTTOM OF THE 4TH |
Monongahela Monsters batting - Pitching for Hartford Pride : RHP Damien Schmitt
|
Batting: RHB Kenny Gray
|
0-0: Foul Ball, location: 2F 0-1: Ball 1-1: Foul Ball, location: 2F 1-2: Ball 2-2: Foul Ball, location: 2F 2-2: Foul Ball, location: 2F 2-2: Strikes out swinging
|
Batting: SHB Brenton Hale
|
0-0: Called Strike 0-1: Called Strike 0-2: Foul Ball, location: 2F 0-2: Fly out, F5 (Flyball, 6D, EV 92.5 MPH)
|
Batting: RHB Tao Kaukini
|
0-0: Called Strike 0-1: Swinging Strike 0-2: Ball 1-2: Strikes out swinging
|
Bottom of the 4th over - 0 runs, 0 hits, 0 errors, 0 left on base; Hartford 0 - Monongahela 0 |
TOP OF THE 5TH |
Hartford Pride batting - Pitching for Monongahela Monsters : RHP Bhu Pahayahay
|
Batting: RHB Tom Rowland
|
0-0: Foul Ball, location: 2F 0-1: Called Strike 0-2: Strikes out swinging
|
Batting: RHB Li-ren Ku
|
0-0: Called Strike 0-1: Ball 1-1: Fly out, F8 (Line Drive, 8LM, EV 106.2 MPH)
|
Batting: RHB Shawn Wilson
|
0-0: Called Strike 0-1: Swinging Strike 0-2: Ball 1-2: Ball 2-2: Foul Ball, location: 2F 2-2: Ball 3-2: Foul Ball, location: 2F 3-2: Strikes out looking
|
Top of the 5th over - 0 runs, 0 hits, 0 errors, 0 left on base; Hartford 0 - Monongahela 0 |
BOTTOM OF THE 5TH |
Monongahela Monsters batting - Pitching for Hartford Pride : RHP Damien Schmitt
|
Batting: RHB Jesús Cortéz
|
0-0: Called Strike 0-1: Ball 1-1: Ball 2-1: Ball 3-1: Ground out 3-1 (Groundball, 34, EV 88.8 MPH)
|
Batting: RHB Drake Riley Jr.
|
0-0: Ball 1-0: Foul Ball, location: 2F 1-1: Called Strike 1-2: Foul Ball, location: 2F 1-2: Ball 2-2: Ball 3-2: Base on Balls
|
Batting: RHB Dave Hall
|
0-0: Ground out 6-3 (Groundball, P, EV 93.1 MPH) Drake Riley Jr. to second
|
Batting: RHB Stu Roberts
|
0-0: Ball 1-0: Ball 2-0: Ball 3-0: Called Strike 3-1: DOUBLE (Flyball, 89XD, EV 103.8 MPH) Drake Riley Jr. scores
|
Batting: LHB Júlio Castillo
|
0-0: Called Strike 0-1: Ground out 5-3 (Groundball, 56S, EV 90.0 MPH)
|
Bottom of the 5th over - 1 run, 1 hit, 0 errors, 1 left on base; Hartford 0 - Monongahela 1 |
TOP OF THE 6TH |
Hartford Pride batting - Pitching for Monongahela Monsters : RHP Bhu Pahayahay
|
Batting: RHB Guonçalle Sprengel
|
0-0: Called Strike 0-1: Ball 1-1: Ground out U3 (Groundball, 34, EV 103.8 MPH)
|
Batting: RHB Jim Ellis
|
0-0: Ball 1-0: Ball 2-0: Called Strike 2-1: Foul Ball, location: 2F 2-2: Strikes out swinging, 2-3 out at first.
|
Batting: RHB Emmett Amavizca
|
0-0: Ball 1-0: Ball 2-0: Called Strike 2-1: Ball 3-1: Called Strike 3-2: Foul Ball, location: 2F 3-2: Base on Balls
|
Batting: RHB Habib Othman
|
0-0: Ball 1-0: Called Strike Emmett Amavizca steals 2nd base 1-1: SINGLE (Line Drive, 7S, EV 91.2 MPH) Emmett Amavizca to third Runner from 3rd tries for Home, SAFE, throw by LF to home
|
Batting: RHB Roy Berriman
|
0-0: Swinging Strike 0-1: Ball 1-1: Ball 2-1: Foul Ball, location: 2F 2-2: Ground out 4-3 (Groundball, 34S, EV 81.2 MPH)
|
Top of the 6th over - 1 run, 1 hit, 0 errors, 1 left on base; Hartford 1 - Monongahela 1 |
BOTTOM OF THE 6TH |
Monongahela Monsters batting - Pitching for Hartford Pride : RHP Damien Schmitt
|
Batting: RHB Freddie Cupp
|
0-0: Ball 1-0: Fly out, F7 (Line Drive, 7S, EV 89.4 MPH)
|
Batting: RHB Kenny Gray
|
0-0: Called Strike 0-1: Ball 1-1: Foul Ball, location: 2F 1-2: Fly out, F3 (Popup, 3SF, EV 62.5 MPH)
|
Batting: SHB Brenton Hale
|
0-0: Foul Ball, location: 2F 0-1: Ball 1-1: SINGLE (Groundball, 4MD, EV 98.8 MPH)
|
Batting: RHB Tao Kaukini
|
0-0: Ball 1-0: Called Strike 1-1: Called Strike 1-2: Fly out, F9 (Flyball, 9D, EV 95.0 MPH)
|
Bottom of the 6th over - 0 runs, 1 hit, 0 errors, 1 left on base; Hartford 1 - Monongahela 1 |
TOP OF THE 7TH |
Hartford Pride batting - Pitching for Monongahela Monsters : RHP Bhu Pahayahay
|
Batting: LHB Félix Islava
|
0-0: Foul Ball, location: 2F 0-1: Ball 1-1: Ball 2-1: Foul Ball, location: 2F 2-2: DOUBLE (Line Drive, 89XD, EV 93.1 MPH)
|
Batting: RHB Tom Rowland
|
0-0: Ball 1-0: Ball 2-0: Ground out 6-3 (Groundball, 6, EV 85.6 MPH) Félix Islava to third
|
Batting: RHB Li-ren Ku
|
0-0: DOUBLE (Groundball, 5L, EV 106.2 MPH) Félix Islava scores
|
Batting: RHB Shawn Wilson
|
0-0: Ball 1-0: Single, Error in OF, E7, batter to second base (Line Drive, 7S, EV 91.9 MPH) Li-ren Ku scores
|
Batting: RHB Guonçalle Sprengel
|
0-0: Called Strike 0-1: Ball 1-1: Called Strike 1-2: Foul Ball, location: 2F 1-2: DOUBLE (Line Drive, 7LM, EV 104.4 MPH) Shawn Wilson scores
|
Batting: RHB Jim Ellis
|
0-0: Called Strike 0-1: Ball 1-1: Swinging Strike 1-2: Strikes out swinging
|
Batting: RHB Emmett Amavizca
|
0-0: Called Strike 0-1: Foul Ball, location: 2F 0-2: Ball 1-2: Strikes out looking
|
Top of the 7th over - 3 runs, 4 hits, 1 error, 1 left on base; Hartford 4 - Monongahela 1 |
BOTTOM OF THE 7TH |
Monongahela Monsters batting - Pitching for Hartford Pride : RHP Damien Schmitt
|
Batting: RHB Jesús Cortéz
|
0-0: Foul Ball, location: 2F 0-1: Fly out, F7 (Flyball, 7D, EV 83.1 MPH)
|
Pitching: RHP Michael Ramsey
|
|
Batting: RHB Drake Riley Jr.
|
0-0: Ball 1-0: SOLO HOME RUN (Flyball, 78XD, EV 114.4 MPH), Distance : 464 ft
|
Pinch Hitting: SHB Stanley Good
|
0-0: Ball 1-0: DOUBLE (Flyball, 78XD, EV 100.0 MPH)
|
Pinch Hitting: SHB Cristo López
|
0-0: Fly out, F8 (Flyball, 8LD, EV 102.5 MPH)
|
Batting: LHB Júlio Castillo
|
0-0: Ground out 6-3 (Groundball, 6, EV 85.0 MPH)
|
Bottom of the 7th over - 1 run, 2 hits, 0 errors, 1 left on base; Hartford 4 - Monongahela 2 |
TOP OF THE 8TH |
Hartford Pride batting - Pitching for Monongahela Monsters : RHP Bhu Pahayahay
|
Pitching: RHP Gerald Currer
|
|
Now at 3B: Cristo López
|
|
Now at SS: Dave Montés
|
|
Batting: RHB Habib Othman
|
0-0: Ground out 1-3 (Groundball, 15S, EV 71.9 MPH)
|
Batting: RHB Roy Berriman
|
0-0: Fly out, F8 (Flyball, 8RD, EV 95.6 MPH)
|
Batting: LHB Félix Islava
|
0-0: Called Strike 0-1: Swinging Strike 0-2: Ball 1-2: Ball 2-2: SINGLE (Flyball, 8LS, EV 95.0 MPH)
|
Batting: RHB Tom Rowland
|
0-0: Ball 1-0: Called Strike 1-1: Called Strike 1-2: Ball 2-2: Fly out, F8 (Line Drive, 8LM, EV 93.8 MPH)
|
Top of the 8th over - 0 runs, 1 hit, 0 errors, 1 left on base; Hartford 4 - Monongahela 2 |
BOTTOM OF THE 8TH |
Monongahela Monsters batting - Pitching for Hartford Pride : RHP Michael Ramsey
|
Now in LF: Rafael Urrutiz
|
|
Batting: RHB Freddie Cupp
|
0-0: Ball 1-0: Foul Ball, location: 2F 1-1: Ball 2-1: Fly out, F7 (Flyball, 7LS, EV 79.4 MPH)
|
Pinch Hitting: LHB Philip Todd
|
0-0: Called Strike 0-1: Ball 1-1: Ball 2-1: Ball 3-1: Foul Ball, location: 2F 3-2: Fly out, F6 (Popup, 6MS, EV 70.6 MPH)
|
Batting: SHB Brenton Hale
|
0-0: Ball 1-0: SINGLE (Groundball, 34D, EV 105.6 MPH)
|
Batting: RHB Tao Kaukini
|
0-0: Swinging Strike 0-1: Swinging Strike 0-2: Ball 1-2: Foul Ball, location: 2F 1-2: Foul Ball, location: 2F 1-2: Strikes out swinging
|
Bottom of the 8th over - 0 runs, 1 hit, 0 errors, 1 left on base; Hartford 4 - Monongahela 2 |
TOP OF THE 9TH |
Hartford Pride batting - Pitching for Monongahela Monsters : RHP Gerald Currer
|
Now in CF: Jesús Cortéz
|
|
Now in RF: Izaak Gerkis
|
|
Batting: RHB Li-ren Ku
|
0-0: Swinging Strike 0-1: Called Strike 0-2: Fly out, F9 (Flyball, 89S, EV 90.6 MPH)
|
Batting: RHB Shawn Wilson
|
0-0: Called Strike 0-1: Called Strike 0-2: Foul Ball, location: 2F 0-2: Strikes out swinging
|
Batting: RHB Guonçalle Sprengel
|
0-0: Ball 1-0: Ball 2-0: Ball 3-0: Called Strike 3-1: Base on Balls
|
Batting: RHB Jim Ellis
|
0-0: Called Strike 0-1: Swinging Strike 0-2: Ground out 4-3 (Groundball, 34S, EV 85.0 MPH)
|
Top of the 9th over - 0 runs, 0 hits, 0 errors, 1 left on base; Hartford 4 - Monongahela 2 |
BOTTOM OF THE 9TH |
Monongahela Monsters batting - Pitching for Hartford Pride : RHP Michael Ramsey
|
Pitching: RHP Jeremy Bearimy
|
|
Batting: RHB Jesús Cortéz
|
0-0: Ball 1-0: Called Strike 1-1: Ball 2-1: Foul Ball, location: 2F 2-2: Foul Ball, location: 2F 2-2: Foul Ball, location: 2F 2-2: Hit by Pitch
|
Batting: RHB Drake Riley Jr.
|
0-0: Called Strike 0-1: Swinging Strike 0-2: Foul Ball, location: 2F 0-2: Ball 1-2: Ground out 4-3 (Groundball, 4S, EV 68.1 MPH) Jesús Cortéz to second
|
Pinch Hitting: SHB Aubrey Magee
|
0-0: Ball 1-0: Swinging Strike 1-1: Swinging Strike 1-2: Foul Ball, location: 2F 1-2: Strikes out swinging
|
Batting: SHB Cristo López
|
0-0: Called Strike 0-1: Ball 1-1: Ball 2-1: Called Strike 2-2: Strikes out looking
|
Bottom of the 9th over - 0 runs, 0 hits, 0 errors, 1 left on base; Hartford 4 - Monongahela 2 |
|